 Dungeon Crawl Stone Soup version 0.29.1-13-g9f3cf754e1 (webtiles) character file.

Game seed: 7660587222220843935

124 KittyFluff the Cudgeller (level 5, -4/33 HPs)
             Began as a Gargoyle Berserker on Jan 30, 2023.
             Was a Believer of Trog.
             Slain by a gnoll
             ... wielding a +0 flail
              (6 damage)
             ... on level 4 of the Dungeon.
             The game lasted 00:11:03 (2725 turns).

KittyFluff the Cudgeller (Gargoyle Berserker)       Turns: 2725, Time: 00:11:04

Health: -4/33      AC:  8    Str: 20    XL:     5   Next: 8%
Magic:  5/5        EV: 11    Int:  8    God:    Trog [**....]
Gold:   222        SH:  0    Dex: 11    Spells: 4/4 levels left

rFire   . . .      SeeInvis .   a - +0 mace
rCold   . . .      Faith    .   (no shield)
rNeg    + . .      Spirit   .   h - +0 leather armour
rPois   ∞          Reflect  .   (no helmet)
rElec   +          Harm     .   (no cloak)
rCorr   .          Rampage  .   u - +0 pair of gloves
Will    .....                   (no boots)
Stlth   +.........              (no amulet)
HPRegen 0.11/turn               (no ring)
MPRegen 0.09/turn               (no ring)

@: no status effects
A: sickness immunity, AC +4, negative energy resistance 1, electricity
resistance, torment resistance 1, petrification resistance
a: Renounce Religion, Berserk, Trog's Hand


You were on level 4 of the Dungeon.
You worshipped Trog.
Trog was pleased with you.
You visited 1 branch of the dungeon, and saw 4 of its levels.

You collected 222 gold pieces.

Inventory:

Hand Weapons
 a - a +0 mace (weapon)
 q - a +0 flail
 r - a +0 sling
Missiles
 j - 16 stones (quivered)
 p - 5 boomerangs
Armour
 c - a +0 chain mail
 h - a +0 leather armour (worn)
 l - a +0 ring mail
 u - a +0 pair of gloves (worn)
Wands
 m - a wand of mindburst (22)
Scrolls
 d - a scroll of fog {unknown}
 e - 3 scrolls of teleportation
 i - a scroll of torment {unknown}
 k - a scroll of magic mapping {unknown}
 n - a scroll of immolation {unknown}
 o - 3 scrolls of poison {unknown}
 t - 2 scrolls of enchant armour {unknown}
Potions
 b - 3 potions of curing
 f - a potion of degeneration
 g - 2 potions of mutation
 s - a potion of heal wounds {unknown}
 v - a potion of magic {unknown}
 w - a potion of lignification {unknown}


   Skills:
 + Level 3.8 Fighting
 + Level 4.2 Maces & Flails
 * Level 3.2 Armour
 + Level 2.0 Dodging
 + Level 1.3 Stealth


You had 4 spell levels left.
You didn't know any spells.
Your spell library was empty.

Dungeon Overview and Level Annotations

Branches:
Dungeon (4/15)
 Temple: D:4-7

Altars:

Shops:
D:1 (


Innate Abilities, Weirdness & Mutations

You are immune to sickness and miasma.
Your stone body is resilient. (AC +4)
You are immune to poison.
You resist negative energy. (rN+)
You are resistant to electric shocks. (rElec)
You are resistant to unholy torment.
You are immune to petrification.


Message History

You closely miss the gnoll. The gnoll hits you with a +0 whip. x2
You closely miss the gnoll. The gnoll hits you with a +0 whip.
You barely miss the gnoll. The gnoll hits you but does no damage.
You hit the gnoll.
The gnoll is heavily wounded.
The gnoll hits you with a +0 whip.
You closely miss the gnoll.
The gnoll is heavily wounded.
The gnoll hits you with a +0 whip.
You barely miss the gnoll.
The gnoll is heavily wounded.
The gnoll barely misses you. The gnoll hits you with a +0 whip.
You thump the gnoll!
You kill the gnoll!
Trog accepts your kill.
You have reached level 5!
You hit the gnoll.
The gnoll is moderately wounded.
The gnoll closely misses you.
You hit the gnoll.
The gnoll is heavily wounded.
The gnoll barely misses you.
You hit the gnoll.
The gnoll is severely wounded.
The gnoll hits you with a +0 flail!
You closely miss the gnoll.
The gnoll is severely wounded.
The gnoll closely misses you. The gnoll hits you but does no damage.
You barely miss the gnoll.
The gnoll is severely wounded.
The gnoll hits you with a +0 flail.
* * * LOW HITPOINT WARNING * * *
You hit the gnoll.
The gnoll is almost dead.
The gnoll hits you with a +0 flail.
* * * LOW HITPOINT WARNING * * *
You barely miss the gnoll.
The gnoll is almost dead.
The gnoll hits you with a +0 flail.
You die...

#.........#
.g)
##.......####
#g## ##
##.....###..
... .# ##...##
#.# #.# .#
##'## #.###.#
.# #.# #.....#
.# #####.#
#..#### .#
<...#.##
#..######.#
###....##
#...gg@...#
#.....#
##.########
###....#####.#
.............#
.##.##########
###.# ....#
#####


You could see 2 gnolls.

Vanquished Creatures
  A gnoll (D:4)
  4 adders
  2 worms
  A dart slug (D:3)
  7 orcs
  4 bats (D:2)
  7 endoplasms
  4 giant cockroaches
  5 goblins
  8 hobgoblins
  6 ball pythons
  5 frilled lizards
  3 kobolds
  5 rats
62 creatures vanquished.

Notes
Turn   | Place    | Note
-------+----------+-------------------------------------------
     0 | D:1      | KittyFluff the Gargoyle Berserker began the quest for the
                  | Orb.
     0 | D:1      | Reached XP level 1. HP: 14/14 MP: 1/1
   135 | D:1      | Found Pyrgh's Weapon Emporium.
   216 | D:1      | Found a faded altar of an unknown god.
   227 | D:1      | Reached XP level 2. HP: 9/19 MP: 2/2
   756 | D:1      | Reached skill level 1 in Stealth
   756 | D:1      | Reached XP level 3. HP: 21/23 MP: 3/3
  1313 | D:2      | Reached ** piety under Trog
  1463 | D:2      | Reached XP level 4. HP: 23/29 MP: 4/4
  2108 | D:3      | Reached skill level 4 in Maces & Flails
  2719 | D:4      | Reached XP level 5. HP: 19/33 MP: 5/5
  2724 | D:4      | HP: 1/33 [gnoll/+0 flail (6)]
  2725 | D:4      | Slain by a gnoll

Illustrated notes

Levels and vault maps discovered:
D:1:      eino_arrival_cavern_b, layout_loops_ring,
          shapermc_ecumenical_altar_rom_forum, serial_shops, shop,
          amethyst_killhole, minivault_24
D:2:      layout_loops_ring
D:3:      layout_rooms
D:4:      layout_loops_corners, dk_vineyard_1, minmay_misc_feat_tower,
          uniq_pikel

Skill      XL: |  1  2  3  4 |
---------------+-------------+-----
Stealth        | 1 |  1.3
Armour         | 3 |  3.2
Maces & Flails | 4 |  4.2
Dodging        | 2 |  2.0
Fighting       | |  3.8

Action                   |  1- 3 |  4- 6 || total
-------------------------+-------+-------++-------
Melee: Mace              |   100 |   114 ||   214
       Punch             |     2 |       ||     2
  Use: Scroll            |       |     4 ||     4
Armor: Animal skin       |     4 |       ||     4
       Leather armour    |    54 |    55 ||   109
Dodge: Dodged            |    92 |    65 ||   157
